 Dungeon Crawl Stone Soup version 0.21-a0-91-ga5031da (webtiles) character file.

30 grindst0ne the Ruffian (level 3, 0/31 HPs)
             Began as a Ghoul Monk on June 29, 2017.
             Slain by Terence
             ... wielding a +0 morningstar
              (9 damage)
             ... on level 2 of the Dungeon.
             The game lasted 00:02:07 (1226 turns).

grindst0ne the Ruffian (Ghoul Monk)                 Turns: 1226, Time: 00:02:08

Health: 0/31       AC: 11    Str: 15    XL:     3   Next: 18%
Magic:  2/2        EV:  5    Int:  5    God:
Gold:   78         SH:  0    Dex: 11    Spells: 2/2 levels left

rFire    . . .     SeeInvis .     - Unarmed
rCold    + . .     Gourm    .   (no shield)
rNeg     + + +     Faith    .   c - +1 plate armour
rPois    ∞         Spirit   .   (no helmet)
rElec    .         Reflect  .   (no cloak)
rCorr    .         Harm     .   (no gloves)
MR       .....                  (no boots)
Stlth    ..........             (no amulet)
HPRegen  0.00/turn              d - ring of loudness (curse)
MPRegen  0.08/turn              h - ring of poison resistance

@: rotting
A: rotting body, claws 1, carnivore 3, cold resistance 1, negative energy
resistance 3, inhibited regeneration, torment resistance, unbreathing
a: no special abilities


You were on level 2 of the Dungeon.
You were not hungry.

You visited 1 branch of the dungeon, and saw 2 of its levels.

You collected 78 gold pieces.

Inventory:

Armour
 a - a +0 robe
 c - a +1 plate armour (worn)
Jewellery
 d - a cursed ring of loudness (left claw)
 h - a ring of poison resistance (right claw)
Scrolls
 e - 4 scrolls of recharging {unknown}
 j - a scroll of identify {unknown}
 m - a scroll of teleportation {unknown}
Potions
 g - a potion of haste {unknown}
 k - a potion of invisibility {unknown}
 l - a potion of brilliance {unknown}
Comestibles
 b - a meat ration
 f - a chunk of flesh
 i - a royal jelly


   Skills:
 - Level 3.2 Fighting
 * Level 1.9 Armour
 - Level 2.6 Dodging
 - Level 2.1 Stealth
 + Level 3.8 Unarmed Combat


You had 2 spell levels left.
You didn't know any spells.

Dungeon Overview and Level Annotations

Branches:
Dungeon (2/15)

Altars:
Elyvilon

Annotations:
D:2 Terence


Innate Abilities, Weirdness & Mutations

Your body is rotting away.
You thrive on raw meat.
You are immune to poison.
You have sharp fingernails.
You are carnivorous and can eat meat at any time.
Your flesh is cold resistant. (rC+)
You are immune to negative energy. (rN+++)
You do not regenerate when monsters are visible.
You are immune to unholy pain and torment.
You can survive without breathing.


Message History

Terence is nearby!
Terence is nearby!
Terence says, "Did you write a will?
You should..."
Terence hits you with a morningstar.
You scratch Terence.
Terence is moderately wounded.
Terence hits you with a morningstar!
You scratch Terence.
Terence is severely wounded.
Terence hits you with a morningstar!
* * * LOW HITPOINT WARNING * * *
You scratch Terence.
Terence is severely wounded.
Terence barely misses you.
You scratch Terence.
Terence is almost dead.
Your plate armour prevents you from hitting Terence.
Terence is almost dead.
Terence hits you with a morningstar!
You die...

#.##.#.# #.##.#.#
#######.##.#.# ##
#..........#.# ...
#..........#.# ....
#..........#.# .....
#..........#.#
......###########.##.#.#
.......@@.......#.##.#.#
......#########.#.##.#.#
..... #.#.##.#.# ####
#.#.##.#.# #.#....#.#
#.######.# #.# #.# #.#
#.# #.# #.#


You could see Terence.

Vanquished Creatures
  A dart slug (D:1)
  3 giant cockroaches
  3 goblins
  3 hobgoblins
  3 jackals (D:1)
  3 kobolds
  2 ball pythons (D:1)
  4 bats
  2 frilled lizards (D:1)
  A rat (D:1)
25 creatures vanquished.

Notes
Turn   | Place    | Note
-------+----------+-------------------------------------------
     0 | D:1      | grindst0ne the Ghoul Monk began the quest for the Orb.
     0 | D:1      | Reached XP level 1. HP: 19/19 MP: 0/0
   484 | D:1      | Reached skill level 1 in Armour
   484 | D:1      | Reached XP level 2. HP: 26/26 MP: 1/1
   908 | D:2      | Found a white marble altar of Elyvilon.
   916 | D:2      | Reached XP level 3. HP: 30/31 MP: 2/2
  1215 | D:2      | Noticed Terence
  1226 | D:2      | Slain by Terence

Vault maps used:
D:1:      dpeg_arrival_connections, serial_bayou_pond_b, dk_noncrumbling_2,
          minmay_misc_feat_doors
D:2:      old_standard_altar, first_bread, uniq_terence

Skill      XL: |  1 |
---------------+----+-----
Armour         | 1 |  1.9
Fighting       | |  3.2
Dodging        | |  2.6
Stealth        | |  2.1
Unarmed Combat | |  3.8

Action                   || total
-------------------------++-------
Melee: Unarmed           ||    87
  Use: Scroll            ||     1
  Eat: Chunk             ||     1
Armor: Plate armour      ||    98
Dodge: Dodged            ||    31
